 Dungeon Crawl Stone Soup version 0.15-a0-183-gc0cdb55 (webtiles) character file.

2467 PolkaDot the Jinx (level 9, -1/57 HPs)
             Began as a Vampire Enchanter on Apr 20, 2014.
             Was a Believer of Ashenzari.
             Killed by the air
             ... invoked by Gastronok
              (18 damage)
             ... on Level 8 of the Dungeon.
             The game lasted 00:33:46 (5518 turns).

PolkaDot the Jinx (Vampire Enchanter)               Turns: 5518, Time: 00:33:47

HP  -1/57        AC  4     Str  8      XL: 9   Next:  7%
MP  20/20        EV 12     Int 17      God: Ashenzari [**....]
Gold 359         SH  9     Dex 17      Spells:  6 memorised,  2 levels left

rFire  . . .     SeeInvis +     k - +3 dagger (venom) (curse)
rCold  + + .     Clarity  .     b - +1 robe (curse)
rNeg   + + +     Conserve .     v - +1 buckler (curse)
rPois  +         rCorr    +     (no helmet)
rElec  .         rRot     +     j - +0 cloak (curse)
SustAb . .       Spirit   .     (no gloves)
rMut   .         Warding  .     (no boots)
Saprov . . .     Stasis   .     f - cursed amulet of resist corrosion
MR     .....                    (no ring)
                                o - +1 ring of strength

@: regenerating slowly, about to teleport, not resistant to hostile
enchantments, extremely stealthy
A: bottle blood, fangs 3, see invisible, unbreathing
a: Bat Form, Bottle Blood, Renounce Religion


You were on level 8 of the Dungeon.
You worshipped Ashenzari.
Ashenzari was pleased with you.
You were near bloodless.

You visited 2 branches of the dungeon, and saw 9 of its levels.

You collected 359 gold pieces.

Inventory:

Hand weapons
 k - a cursed +3,+3 dagger of venom (weapon)
Missiles
 d - 12 darts (quivered)
Armour
 b - a cursed +1 robe (worn)
 j - a cursed +0 cloak (worn)
 v - a cursed +1 buckler (worn)
Magical devices
 p - a wand of slowing (10)
 s - a wand of slowing (16)
 w - a wand of random effects (13)
 A - a wand of confusion (9)
 C - a wand of confusion (11)
 F - a wand of random effects (9)
 I - a wand of teleportation (3) {unknown}
Scrolls
 a - a scroll of enchant weapon II
 g - a scroll of fear
 h - a scroll of teleportation
 l - 2 scrolls of summoning
 n - 4 scrolls of recharging
 u - a scroll of curse armour
 x - a scroll of magic mapping
 D - a scroll of enchant weapon I
 J - a scroll of remove curse
Jewellery
 f - a cursed amulet of resist corrosion (around neck)
 m - an uncursed amulet of clarity
 o - a +1 ring of strength (left hand)
Potions
 e - a potion of beneficial mutation {unknown}
 i - a potion of brilliance
 q - 3 potions of curing
 r - a potion of poison {!q}
 t - a potion of berserk rage
 z - a potion of mutation {!q}
 E - 2 potions of heal wounds
 G - a potion of lignification {unknown}
 H - a potion of restore abilities {unknown}
Books
 c - a book of Maledictions

   Spells                             Type                      Level
   *Corona                            Hexes                        1
   *Sure Blade                        Hexes/Charms                 2
   *Ensorcelled Hibernation           Hexes/Ice                    2
   *Confuse                           Hexes                        3
   *Dazzling Spray                    Conjuration/Hexes            3
   *Enslavement                       Hexes                        4


   Skills:
 + Level 4.2(6.4) Short Blades
 - Level 0.7 Throwing
 - Level 2.1 Dodging
 + Level 9.9 Stealth
 - Level 4.9 Spellcasting
 * Level 12.0 Hexes


You had 2 spell levels left.
You knew the following spells:

 Your Spells              Type           Power        Failure   Level  Hunger
a - Corona                Hex            #####..      1%          1    None
b - Sure Blade            Hex/Chrm       ###.......   1%          2    #......
c - Confuse               Hex            #####...     1%          3    ###....
d - Ensorcelled Hibernat  Hex/Ice        ###...       1%          2    #......
e - Enslavement           Hex            #####...     1%          4    ####...
s - Dazzling Spray        Conj/Hex       ###.....     4%          3    ###....


Dungeon Overview and Level Annotations

Branches:
Dungeon (8/15)             Temple (1/1) D:4
   Lair: D:8-11

Altars:
Ashenzari
Cheibriados
Dithmenos
Elyvilon
Fedhas
Kikubaaqudgha
Makhleb
Nemelex Xobeh
Okawaru
Sif Muna
Trog
Vehumet
Xom
Yredelemnul
Zin
The Shining One

Annotations:
D:8 Gastronok


Innate Abilities, Weirdness & Mutations

You heal slowly.
You can bottle blood from corpses.
You have razor-sharp teeth.*
You have supernaturally acute eyesight.
You can survive without breathing.*


Message History

a +0,+0 cutlass x2
The orc wizard gestures wildly while chanting.
The orc wizard seems to speed up.
The orc wizard points at you and mumbles some strange words.
You easily resist.
The orc wizard points at you and mumbles some strange words.
The magic dart hits you!
The orc wizard gestures at you while chanting.
You easily resist.
The orc wizard casts a spell at you. The magic dart hits you!
* * * LOW HITPOINT WARNING * * *
Read which item? (? for menu, Esc to quit)
As you read the scroll of teleportation, it crumbles to dust.
You feel strangely unstable.
The orc wizard gestures wildly while chanting.
The orc wizard blinks!
Gastronok waves his eye-stalks in wide circles.
The air twists around and strikes you!
You die...

### ########.#
)........#
########.#
#.#################
#........@....o.j.#
#################o#
#.# ######o#
#..j.jo# #.##.#.#**
#,*#.#o.. #.#.#.#
#.....#


You could see Gastronok and 2 orc wizards.

Vanquished Creatures
  The ghost of satsukimygoddess the Cleaver, an average LOFi of Makhleb (D:4)
  Eustachio (D:6)
  Menkaure (D:6)
  A phantom (D:6)
  A sky beast (D:6)
  An ice beast (D:5)
  An orc warrior (D:7)
  An ogre (D:8)
  Sigmund (D:7)
  A centaur (D:6)
  2 giant frogs (D:7)
  2 killer bees (D:7)
  2 vampire bats (D:3)
  2 jellies (D:6)
  A crimson imp (D:6)
  3 hounds
  5 iguanas
  5 worker ants
  Ijyb (D:5)
  3 mummies
  10 adders
  An inept item mimic (D:7)
  A shadow imp (D:5)
  An inept feature mimic (D:6)
  2 worms
  2 giant eyeballs
  11 giant geckos
  An ooze (D:1)
  7 orcs
  A ball python (D:1)
  19 bats
  A bat skeleton (D:5)
  2 giant cockroaches
  12 hobgoblins
  7 jackals
  A quokka (D:4)
  A giant gecko skeleton (D:4)
  8 giant newts
  7 goblins
  A jackal zombie (D:6)
  11 kobolds
  12 rats
  A rat skeleton (D:6)
156 creatures vanquished.

Vanquished Creatures (others)
  A butterfly (D:4)
1 creature vanquished.

Grand Total: 157 creatures vanquished

Notes
Turn   | Place    | Note
--------------------------------------------------------------
     0 | D:1      | PolkaDot, the Vampire Enchanter, began the quest for the Orb.
     0 | D:1      | Reached XP level 1. HP: 13/13 MP: 3/3
   117 | D:1      | Reached XP level 2. HP: 10/19 MP: 2/4
   297 | D:1      | Learned a level 2 spell: Ensorcelled Hibernation
   328 | D:1      | Reached skill level 5 in Hexes
   506 | D:2      | Reached XP level 3. HP: 24/24 MP: 6/6
   799 | D:2      | Reached XP level 4. HP: 30/30 MP: 7/7
  1131 | D:3      | Reached skill level 6 in Hexes
  1569 | D:3      | Reached skill level 5 in Stealth
  1569 | D:3      | Reached skill level 7 in Hexes
  1569 | D:3      | Reached XP level 5. HP: 22/35 MP: 9/9
  2008 | D:4      | Noticed satsukimygoddess' ghost (average LOFi)
  2178 | D:3      | Learned a level 3 spell: Confuse
  2200 | D:4      | Reached skill level 8 in Hexes
  2318 | D:4      | Reached XP level 6. HP: 18/41 MP: 0/10
  2560 | D:4      | Found a staircase to the Ecumenical Temple.
  2573 | Temple   | Entered the Ecumenical Temple
  2595 | Temple   | Became a worshipper of Ashenzari the Shackled
  2780 | D:4      | Learned a level 3 spell: Dazzling Spray
  2812 | D:4      | HP: 1/41 [satsukimygoddess' ghost (16)]
  2813 | D:4      | Killed satsukimygoddess' ghost
  2813 | D:4      | Reached skill level 9 in Hexes
  2813 | D:4      | Reached XP level 7. HP: 1/46 MP: 2/14
  2985 | D:5      | Entered Level 5 of the Dungeon
  3135 | D:5      | Found a sparkling altar of Nemelex Xobeh.
  3155 | D:5      | Found an iron altar of Okawaru.
  3159 | D:5      | Found a snail-covered altar of Cheibriados.
  3159 | D:5      | Found a glowing silver altar of Zin.
  3191 | D:5      | Noticed Ijyb
  3199 | D:5      | Killed Ijyb
  3380 | D:5      | Learned a level 4 spell: Enslavement
  3480 | D:6      | Noticed Menkaure
  3486 | D:6      | Killed Menkaure
  3615 | D:6      | Reached XP level 8. HP: 48/52 MP: 1/18
  3711 | D:6      | Reached skill level 10 in Hexes
  3782 | D:6      | Learned a level 2 spell: Sure Blade
  3891 | D:6      | Noticed Eustachio
  3900 | D:6      | Killed Eustachio
  4526 | D:7      | Reached skill level 11 in Hexes
  4703 | D:7      | Found an ancient bone altar of Kikubaaqudgha.
  4726 | D:7      | Noticed Sigmund
  4734 | D:7      | Killed Sigmund
  4832 | D:7      | Found a glowing golden altar of the Shining One.
  4903 | D:7      | Reached XP level 9. HP: 37/57 MP: 15/20
  5350 | D:8      | Paralysed by a giant eyeball for 4 turns
  5362 | D:8      | Acquired Ashenzari's first power
  5415 | D:8      | Reached skill level 12 in Hexes
  5499 | D:8      | Noticed Gastronok
  5518 | D:8      | Killed from afar by Gastronok

Action                   |  1- 3 |  4- 6 |  7- 9 || total
-------------------------+-------+-------+-------++-------
Melee: Dagger            |   129 |   135 |   157 ||   421
 Cast: Corona            |     8 |       |     1 ||     9
       Ensorcelled Hiber |     7 |    15 |    43 ||    65
       Confuse           |       |     3 |    22 ||    25
Evoke: Wand              |       |     1 |     2 ||     3
  Use: Potion            |     1 |     5 |     1 ||     7
       Scroll            |       |    12 |    15 ||    27
 Stab: Sleeping          |    10 |    17 |    41 ||    68
       Distracted        |       |     1 |     1 ||     2
       Confused          |       |     3 |     4 ||     7
